 Seeded DCSS version 0.31-a0-360-gb3e1d13bf4 (webtiles) character file.

Game seed: 13532415758814214178 (custom seed)

26936 innerfire43 the Mimic (level 13, -2/86 HPs)
             Began as a Demonspawn Monk on July 26, 2023.
             Was a High Priest of Qazlal.
             Slain by a bog body (10 damage)
             ... on level 2 of the Lair of Beasts.
             The game lasted 00:21:55 (15541 turns).

innerfire43 the Mimic (Demonspawn Monk)            Turns: 15541, Time: 00:21:55

Health: -2/86      AC:  7    Str: 22    XL:     13   Next: 1%
Magic:  23/23      EV: 12    Int: 11    God:    Qazlal [*****.]
Gold:   908        SH: 15    Dex: 17    Spells: 19/25 levels left

rFire   + + .        a - +4 hand axe of Xom's Brutal Revenge {flame, rPois}
rCold   + . .        (no shield)
rNeg    . . .        G - +2 ring mail {rF+}
rPois   +            (helmet currently unavailable)
rElec   +            (cloak currently unavailable)
rCorr   +            (gloves currently unavailable)
SInv    .            (boots currently unavailable)
Will    .....        (no amulet)
Stlth   +            t - ring of wizardry
HPRegen 0.34/turn    p - +6 ring of strength
MPRegen 0.18/turn

%: repel missiles, wizardry (x1)
@: beast-form, resistant, protected from electricity, slowed, very slow
A: beast (slay +7), hooves 2, large bone plates 3, foul stench 3
a: Begin Untransformation, Renounce Religion, Upheaval, Elemental Force,
Disaster Area


You were on level 2 of the Lair of Beasts.
You worshipped Qazlal.
Qazlal was extremely pleased with you.
You were a hulking beast.
You visited 3 branches of the dungeon, and saw 16 of its levels.
You also visited: Sewer.

You collected 1095 gold pieces.
You spent 187 gold pieces at shops.

Inventory:

Hand Weapons
 a - the +4 hand axe of Xom's Brutal Revenge (weapon) {flame, rPois}
   (You found it on level 8 of the Dungeon)

   rPois:     It protects you from poison.
 b - a +4 orcbow
 q - the +5 trident "Spiderbane" {protect, rF+}
   (You bought it in a shop on level 3 of the Dungeon)

   rF:        It protects you from fire.
 y - the +6 scimitar of Elekez {flame, Stlth+}
   (You found it on level 12 of the Dungeon)

   Stlth:     It makes you more stealthy.
 C - the +4 whip "Giant's Toothpick" {heavy, Str+3}
   (You found it on level 6 of the Dungeon)

   Str:       It affects your strength (+3).
 M - a +0 hand axe
 P - a +4 hand axe
Missiles
 I - 4 throwing nets
Armour
 d - an orb of light
 x - a +0 robe
 A - a +1 cloak
 G - a +2 ring mail of fire resistance (worn)
Jewellery
 p - a +6 ring of strength (right hand)
 t - a ring of wizardry (left hand)
 J - an amulet of guardian spirit
 N - a +6 ring of intelligence
 R - an amulet of reflection
Talismans
 f - a blade talisman
 k - a beast talisman
 E - a serpent talisman
Wands
 w - a wand of light (10)
 D - a wand of flame (46)
 H - a wand of iceblast (12)
 K - a wand of polymorph (7)
 L - a wand of mindburst (20)
Scrolls
 e - 3 scrolls of teleportation {unknown}
 h - 12 scrolls of identify {unknown}
 l - 5 scrolls of poison {unknown}
 n - 3 scrolls of fog {unknown}
 u - 2 scrolls of noise {unknown}
 v - a scroll of fear
 F - a scroll of enchant armour
Potions
 c - a potion of degeneration {unknown}
 g - a potion of resistance
 i - a potion of curing
 j - a potion of enlightenment {unknown}
 m - 2 potions of might {unknown}
 o - a potion of mutation {unknown}
 r - 2 potions of invisibility {unknown}
 s - 6 potions of brilliance {unknown}
 z - 3 potions of haste {unknown}
 B - 2 potions of cancellation {unknown}
 O - a potion of attraction {unknown}
 S - a potion of lignification {unknown}
Miscellaneous
 Q - a tin of tremorstones (2/2)


   Skills:
 - Level 3.0 Fighting
 + Level 10.0 Axes
 - Level 2.0 Ranged Weapons
 - Level 3.5 Armour
 - Level 3.0 Dodging
 * Level 6.6 Unarmed Combat
 + Level 6.6 Spellcasting
 + Level 6.5 Translocations
 * Level 11.1 Shapeshifting


You had 19 spell levels left.
You knew the following spells:

 Your Spells              Type           Power      Damage    Failure   Level
a - Blink                 Tloc           36%        N/A       1%          2
b - Manifold Assault      Tloc           18%        N/A       8%          4

Your spell library contained the following spells:

 Spells                   Type           Power      Damage    Failure   Level
 Lesser Beckoning         Tloc           36%        N/A       1%          2
 Momentum Strike          Conj/Tloc      20%        3d8       4%          2
 Magic Dart               Conj           12%        1d3       12%         1
 Cigotuvi's Dreadful Rot  Necr/Pois/Air  6%         N/A       16%         2
 Ensorcelled Hibernation  Hex/Ice        6%         N/A       16%         2
 Scorch                   Fire           6%         2d5       16%         2
 Searing Ray              Conj           6%         2d4       16%         2
 Sublimation of Blood     Necr           3%         N/A       16%         2
 Wereblood                Tmut           3%         N/A       16%         2
 Ignite Poison            Fire/Tmut/Pois 3%         N/A       32%         3
 Inner Flame              Hex/Fire       3%         N/A       32%         3
 Anguish                  Hex/Necr       1%         N/A       69%         4
 Flame Wave               Conj/Fire      3%         2d5       69%         4
 Fulminant Prism          Conj/Hex       1%         3d5       69%         4
 Sticky Flame             Conj/Fire      3%         2d3       69%         4
 Freezing Cloud           Conj/Ice/Air   1%         6-21      95%         5
 Summon Cactus Giant      Summ           1%         N/A       100%        6
 Summon Hydra             Summ           1%         N/A       100%        7
 Chain Lightning          Conj/Air       1%         3d2       100%        9
 Fire Storm               Conj/Fire      1%         8d1       100%        9
 Shatter                  Erth           1%         3d6*      100%        9


Dungeon Overview and Level Annotations

Branches:
Dungeon (13/15)            Temple (1/1) D:4            Lair (2/5) D:8
  Swamp (0/4) Lair:2          Orc (0/2) D:11          Sewer (visited)
  Snake: Lair:2-3    Spider: Lair:2-3    Vaults: D:13-14

Altars:
Ashenzari
Cheibriados
Dithmenos
Fedhas
Gozag
Hepliaklqana
Kikubaaqudgha
Makhleb
Nemelex Xobeh
Okawaru
Qazlal
Ru
Sif Muna
Trog
Uskayaw
Vehumet
Wu Jian
Xom
Yredelemnul

Shops:
D:3 (


Innate Abilities, Weirdness & Mutations

You are a hulking beast.
Your limbs bulge with bestial killing power. (Slay +7)
You have hoof-like feet.
You are completely covered in large bone plates. (SH +8)
You frequently emit foul miasma when damaged in melee.


Message History

The bolt of electricity hits you. You resist.
You feel protected from electricity.
Aiming: Bolt of Light
Press: ? - help, Shift-Dir - straight line, f - electric eel
Aim: an electric eel (53% to hit)
The bolt of light hits the electric eel!
The electric eel is almost dead.
The electric eel is blinded.
The bog body casts a spell at you.
You feel yourself slow down.
The electric eel shoots out a bolt of lightning at you!
The bolt of electricity hits you. You resist.
The bolt of electricity hits the plant!
The plant begins to die.
The bog body casts a spell at you.
You feel as though you will be slow longer.
The bog body touches you!
* * * LOW HITPOINT WARNING * * *
The bog body freezes you. You resist.
* * * LOW HITPOINT WARNING * * *
You emit a cloud of foul miasma!
You hit the bog body.
The bog body is lightly damaged.
You hit the electric eel but do no damage.
You block the bog body's attack.
Unknown command.
You slash the bog body! You burn the bog body. You kick the bog body!
The bog body is severely damaged.
You closely miss the electric eel.
A nearby plant withers and dies.
The bog body barely misses you.
Unknown command.
You slash the bog body! You burn the bog body.
The bog body is almost destroyed.
You strike the helpless electric eel from behind!
You hit the electric eel. You burn the electric eel.
You kill the electric eel!
Qazlal accepts your kill. The bog body touches you!
* * * LOW HITPOINT WARNING * * *
The bog body freezes you! You resist.
You die...

......#.#...
#........P..
#........... ##
#.........# #
#..#.........######
#.#P.#..#.#....##...#
......°§......$##†..##
......°.#☼.....##....+
...~~~.h§....†$.†###....
..♣§§♣~n§#..#.###.### .#
..§§§§○§.○.P#$##....## #
..§~♣§♣....P#.##.....#..
...~~§....P##..#..††....
.......#.....)..###'#...
...............###†.##+#
##.P#
.###....#..PP.#....##..
..... ..#. ##...##).


You could see a bog body.

Vanquished Creatures
  2 centaur warriors (D:13)
  2 boulder beetles
  A death yak (Lair:2)
  A tengu warrior (D:13)
  3 two-headed ogres
  A bog body (Lair:2)
  A phantasmal warrior (Lair:1)
  A manticore (D:12)
  2 ugly things
  2 cyclopes (D:13)
  2 black mambas (Lair:1)
  2 gargoyles
  Psyche (D:9)
  6 cane toads
  3 unseen horrors
  A rime drake (Lair:2)
  A komodo dragon (Lair:1)
  A tengu conjurer (D:13)
  A kobold demonologist (D:10)
  12 blink frogs (Lair:2)
  2 shadows (D:13)
  Sigmund (D:5)
  A wraith (D:12)
  A wyvern (D:11)
  3 basilisks
  A human (Lair:1)
  A vampire (D:10)
  17 yaks
  8 vampire mosquitoes
  4 steam dragons
  An acid dragon (D:9)
  3 wargs (D:8)
  Duvessa (D:4)
  5 water moccasins
  2 ice beasts
  An orc warrior (D:6)
  A black bear (D:5)
  A sky beast (D:7)
  13 wolves
  2 ogres
  7 centaurs
  A kobold brigand (D:9)
  A phantom (D:4)
  6 bullfrogs
  4 scorpions
  2 gnoll sergeants
  4 wights (D:8)
  Dowan (D:4)
  5 howler monkeys
  8 electric eels
  A hound (D:5)
  2 jellies
  A gnoll bouda (D:8)
  8 orc priests
  2 sleepcaps (D:4)
  5 iguanas
  14 orc wizards
  3 hell rats (Lair:2)
  12 gnolls
  7 adders
  9 river rats
  A shadow imp (D:6)
  A white imp (D:5)
  3 worms
  2 dart slugs
  27 orcs
  18 ball pythons
  5 endoplasms
  4 giant cockroaches
  5 goblins
  4 hobgoblins
  2 jackals (D:5)
  11 kobolds
  2 quokkas (D:3)
  9 bats
  8 frilled lizards
  37 rats
  2 butterflies (D:5)
359 creatures vanquished.

Vanquished Creatures (others)
  An orc priest (D:8)
  An orc (D:7)
2 creatures vanquished.

Grand Total: 361 creatures vanquished

Notes
Turn   | Place    | Note
-------+----------+-------------------------------------------
     0 | D:1      | innerfire43 the Demonspawn Monk began the quest for the
                  | Orb.
     0 | D:1      | Reached XP level 1. HP: 18/18 MP: 1/1
   172 | D:1      | Gained mutation: You are partially covered in large bone
                  | plates. (SH +4) [demonic ancestry]
   172 | D:1      | Reached XP level 2. HP: 24/24 MP: 2/2
   511 | D:1      | Reached skill level 1 in Shapeshifting
   697 | D:2      | Gained mutation: You have large cloven feet. [demonic
                  | ancestry]
   697 | D:2      | Reached XP level 3. HP: 29/29 MP: 3/3
  1476 | D:3      | Found a transporter.
  1482 | D:3      | Found a transporter.
  1561 | D:3      | Found Heteeque's Antique Weapon Boutique.
  1569 | D:3      | Bought a pitted trident for 187 gold pieces
  1569 | D:3      | Identified the +5 trident "Spiderbane" {protect, rF+} (You
                  | bought it in a shop on level 3 of the Dungeon)
  2044 | D:3      | Gained mutation: You may rarely emit foul miasma when
                  | damaged in melee. [demonic ancestry]
  2044 | D:3      | Reached XP level 4. HP: 35/35 MP: 4/4
  2184 | D:4      | Reached skill level 2 in Shapeshifting
  2185 | D:4      | Noticed Dowan
  2186 | D:4      | Noticed Duvessa
  2196 | D:4      | Killed Duvessa
  2197 | D:4      | Reached XP level 5. HP: 22/41 MP: 5/5
  2203 | D:4      | Killed Dowan
  2204 | D:4      | Reached skill level 3 in Shapeshifting
  2292 | D:4      | Reached XP level 6. HP: 47/47 MP: 6/6
  2433 | D:4      | Reached skill level 4 in Shapeshifting
  2511 | D:4      | Found a staircase to the Ecumenical Temple.
  2633 | Temple   | Entered the Ecumenical Temple
  2650 | Temple   | Became a worshipper of Qazlal Stormbringer
  2650 | Temple   | Reached * piety under Qazlal
  2650 | Temple   | Reached ** piety under Qazlal
  2948 | D:5      | Entered Level 5 of the Dungeon
  3002 | D:5      | Found an ancient bone altar of Kikubaaqudgha.
  3023 | D:5      | Reached XP level 7. HP: 52/52 MP: 7/7
  3092 | D:5      | Noticed Sigmund
  3103 | D:5      | Killed Sigmund
  3104 | D:5      | Reached skill level 5 in Axes
  3240 | D:5      | Reached skill level 5 in Shapeshifting
  3286 | D:5      | Gained mutation: You are mostly covered in large bone
                  | plates. (SH +6) [demonic ancestry]
  3286 | D:5      | Reached XP level 8. HP: 49/58 MP: 8/8
  3340 | D:5      | Reached skill level 6 in Shapeshifting
  3410 | D:5      | Found a glowing drain.
  3426 | Sewer    | Entered a sewer
  3503 | Sewer    | Reached *** piety under Qazlal
  3772 | D:5      | Found a shimmering altar of Xom.
  4065 | D:6      | Identified the +4 whip "Giant's Toothpick" {heavy, Str+3}
  4096 | D:6      | Reached **** piety under Qazlal
  4200 | D:6      | Reached skill level 7 in Shapeshifting
  4449 | D:3      | Gained mutation: You sometimes emit foul miasma when
                  | damaged in melee. [demonic ancestry]
  4449 | D:3      | Reached XP level 9. HP: 34/63 MP: 9/9
  5569 | D:7      | Reached skill level 1 in Armour
  6088 | D:7      | Reached skill level 8 in Shapeshifting
  6934 | D:8      | Found a shadowy altar of Dithmenos.
  6990 | D:8      | Found a staircase to the Lair.
  7011 | D:8      | Gained mutation: You frequently emit foul miasma when
                  | damaged in melee. [demonic ancestry]
  7011 | D:8      | Reached XP level 10. HP: 70/70 MP: 10/10
  7123 | D:8      | Identified the +4 hand axe of Xom's Brutal Revenge {flame,
                  | rPois}
  7689 | D:8      | Learned a level 2 spell: Blink
  7694 | D:8      | Learned a level 4 spell: Manifold Assault
  7695 | Lair:1   | Entered Level 1 of the Lair of Beasts
  7700 | Lair:1   | Noticed a cane toad
  7705 | Lair:1   | Killed a cane toad
  7773 | Lair:1   | Noticed a cane toad
  7779 | Lair:1   | Killed a cane toad
  7780 | Lair:1   | Reached skill level 1 in Spellcasting
  7780 | Lair:1   | Reached skill level 1 in Translocations
  7830 | Lair:1   | Noticed a black mamba
  7833 | Lair:1   | Killed a black mamba
  7842 | Lair:1   | Noticed a black mamba
  7848 | Lair:1   | Killed a black mamba
  7849 | Lair:1   | Reached skill level 9 in Shapeshifting
  8222 | Lair:1   | Gained mutation: You are completely covered in large bone
                  | plates. (SH +8) [demonic ancestry]
  8222 | Lair:1   | Reached XP level 11. HP: 60/75 MP: 17/17
  8919 | Lair:1   | Found a runed translucent door.
  8973 | Lair:1   | Noticed a phantasmal warrior
  8981 | Lair:1   | Killed a phantasmal warrior
  9564 | D:9      | Noticed a two-headed ogre
  9570 | D:9      | Killed a two-headed ogre
  9571 | D:9      | Reached skill level 1 in Unarmed Combat
  9635 | D:9      | Noticed Psyche
  9638 | D:9      | Killed Psyche
  9719 | D:9      | Found a hide-covered altar of Uskayaw.
  9752 | D:9      | Found a sacrificial altar of Ru.
  9996 | D:10     | Entered Level 10 of the Dungeon
 10239 | D:10     | Reached ***** piety under Qazlal
 10240 | D:10     | Reached skill level 5 in Spellcasting
 10290 | D:10     | Noticed a two-headed ogre
 10296 | D:10     | Killed a two-headed ogre
 10297 | D:10     | Reached skill level 5 in Translocations
 10297 | D:10     | Reached skill level 10 in Shapeshifting
 11361 | D:11     | Noticed a boulder beetle
 11387 | D:11     | Killed a boulder beetle
 11388 | D:11     | Reached skill level 1 in Ranged Weapons
 11511 | D:11     | Found a staircase to the Orcish Mines.
 12238 | D:12     | Noticed a two-headed ogre
 12246 | D:12     | Killed a two-headed ogre
 12371 | D:12     | Gained mutation: You have hoof-like feet. [demonic
                  | ancestry]
 12371 | D:12     | Reached XP level 12. HP: 44/81 MP: 20/20
 12927 | D:12     | Identified the +6 scimitar of Elekez {flame, Stlth+}
 13414 | D:12     | Identified a scroll of acquirement
 13414 | D:12     | Acquired a +6 ring of strength
 13458 | D:13     | Noticed a centaur warrior
 13464 | D:13     | Killed a centaur warrior
 13469 | D:13     | Noticed a tengu warrior
 13470 | D:13     | Noticed a boulder beetle
 13479 | D:13     | Killed a tengu warrior
 13489 | D:13     | Reached skill level 5 in Unarmed Combat
 13489 | D:13     | Killed a boulder beetle
 14042 | D:13     | Noticed a centaur warrior
 14045 | D:13     | Killed a centaur warrior
 15232 | Lair:2   | Reached skill level 11 in Shapeshifting
 15283 | Lair:2   | Noticed a death yak
 15294 | Lair:2   | Killed a death yak
 15318 | Lair:2   | Reached skill level 10 in Axes
 15528 | Lair:2   | Reached XP level 13. HP: 72/86 MP: 21/23
 15532 | Lair:2   | Found a staircase to the Swamp.
 15541 | Lair:2   | Slain by a bog body

Illustrated notes

Levels and vault maps discovered:
D:1:      scummos_arrival_simple_crosswalls, layout_rooms
D:2:      layout_basic
D:3:      gammafunk_steamed_eel, layout_loops_corners, serial_shops, shop,
          minmay_gold_behind_fungi, dk_noncrumbling_3
D:4:      layout_loops_ring, minmay_temple_entry_butterflies, uniq_duvessa
D:5:      layout_loops_ring, xom_butterflies, mainiacjoe_overflow_24_doors,
          portal_sewer_entry_b, minmay_statues_item, uniq_sigmund
D:6:      layout_gridville
D:7:      layout_layer_cave, serial_bayou_lake_a
D:8:      layout_basic, mainiacjoe_overflow_paths, erik_lair_orcish_takeover
D:9:      layout_rooms, mainiacjoe_overflow_two_lobes, uniq_psyche
D:10:     layout_roguey
D:11:     layout_layer_cave, orc_0_dummy
D:12:     layout_loops_ring, grunt_ogre_cave, kb_lookout_dungeons_type,
          chequers_serial_rivers_room_a
D:13:     layout_basic
Temple:   bh_familiar_temple
Lair:1:   layout_gridlike, pdpol_lair_cabin_in_the_woods, serial_bayou_shore_b,
          infiniplex_staircase_pool_2, serial_bayou_shore_a
Lair:2:   layout_chaotic_city, skrybe_swamp_entry_bodies, spider_nest_entry_a,
          serial_bayou_pond_c, kennysheep_abandoned_house

Skill      XL: |  1  2  3  4  5  6  7  8  9 10 11 12 |
---------------+-------------------------------------+-----
Dodging        | 3 |  3.0
Shapeshifting  | 1 2 3 4 5 7 8 9 10 11 | 11.1
Axes           | 3 4 5 6 7 8 9 10 | 10.0
Armour         | 3 |  3.5
Spellcasting   | 4 5 6 |  6.6
Translocations | 3 5 6 |  6.5
Unarmed Combat | 4 6 |  6.6
Ranged Weapons | 1 2 |  2.0
Fighting       | |  3.0

Action                     |  1- 3 |  4- 6 |  7- 9 | 10-12 | 13-15 || total
---------------------------+-------+-------+-------+-------+-------++-------
  Melee: Hand axe          |    66 |       |       |   383 |     4 ||   453
         Trident           |    17 |    65 |   255 |     7 |       ||   344
         Kick              |     3 |    14 |    57 |   170 |     1 ||   245
         Punch             |       |       |       |     4 |       ||     4
  Evoke: Wand              |       |       |    16 |     6 |     1 ||    23
    Use: Potion            |       |       |     5 |     2 |     1 ||     8
         Scroll            |       |       |     1 |     8 |       ||     9
   Stab: Distracted        |       |       |     1 |       |       ||     1
         Invisible         |       |       |       |       |     1 ||     1
 Armour: Robe              |    10 |    15 |    29 |       |       ||    54
         Ring mail         |       |       |    23 |    47 |       ||    70
  Dodge: Dodged            |    41 |    18 |    99 |   128 |     2 ||   288
         Repelled          |       |       |     4 |     2 |       ||     6
  Block: Orb               |    12 |     7 |    78 |   154 |       ||   251
         Other             |       |       |       |    50 |     1 ||    51
   Form: Beast             |     1 |       |       |       |       ||     1

Table legend: (Time is in decaauts)
 A = Elapsed time spent in this place.
 B = Non-inter-level travel time spent in this place.
 C = Inter-level travel time spent in this place.
 D = Time resting spent in this place.
 E = Time spent auto-exploring this place.
 F = Levels seen in this place.
 G = Mean time per level.
                   A        B        C        D        E       F      G
               +--------+--------+--------+--------+--------+-----+--------+
         Total |  15638 |  13751 |   1887 |      0 |  11723 |  17 |  919.9 |
       Dungeon |  12949 |  11487 |   1462 |      0 |   9953 |  13 |  996.1 |
        Temple |     31 |      7 |     24 |      0 |      0 |   1 |   31.0 |
          Lair |   2387 |   1986 |    401 |      0 |   1629 |   2 | 1193.5 |
         Sewer |    268 |    268 |      0 |      0 |    140 |   1 |  268.0 |
               +--------+--------+--------+--------+--------+-----+--------+

Top non-repeatable levels by time:
  Lair:1: 1851 daAuts
    D:11: 1704 daAuts
     D:7: 1332 daAuts
    D:12: 1329 daAuts
     D:6: 1230 daAuts
     D:3: 1129 daAuts
     D:8: 1042 daAuts
    D:13: 945 daAuts
    D:10: 834 daAuts
     D:4: 833 daAuts
     D:5: 810 daAuts
     D:2: 692 daAuts
     D:1: 540 daAuts
  Lair:2: 536 daAuts
     D:9: 524 daAuts
